Map: Ice and Chrome LE

Players

Reynor - Winner!

  • Race: Zerg Zerg
  • Spawn Location: 7:00

AGOElazer (Elazer)

  • Race: Zerg Zerg
  • League: Master
  • Spawn Location: 1:00

Event: War Chest Team League

VOD

Have the link to the VOD?

Description

Time

  • Played on: Aug. 14, 2020, 7:23 a.m.
  • Length: 8:28
Show
View Real Time Build Order
Export as new Build Order

Reynor Zerg - Winner!

Build Orders: Hatch First 

Get SALT Encoding   

  12  0:00  Drone  
  13  0:12  Overlord  
  13  0:16  Drone  
  14  0:30  Drone x2  
  16  0:47  Hatchery  
  15  0:51  Drone  
  15  0:54  Drone  
  17  0:58  Drone  
  18  1:08  Extractor  
  17  1:13  Spawning Pool  
  17  1:16  Drone  
  17  1:19  Drone  
  18  1:27  Drone  
  19  1:38  Drone  
  20  1:48  Overlord  
  20  2:00  Zergling x4, Queen x2  
  26  2:09  Metabolic Boost  
  26  2:10  Drone x2  
  28  2:21  Drone  
  28  2:22  Drone  
  30  2:34  Hatchery  
  30  2:36  Drone  
  30  2:39  Drone  
  30  2:42  Drone  
  32  2:47  Drone  
  33  2:55  Baneling Nest, Overlord  
  33  2:58  Drone  
  34  3:05  Drone x2  
  34  3:11  Drone  
  36  3:15  Zergling x6  
  36  3:17  Zergling x2  
  36  3:18  Zergling x2  
  41  3:20  Overlord  
  41  3:26  Evolution Chamber, Drone  
  41  3:31  Zergling x2, Queen  
  44  3:38  Baneling x2  
  44  3:40  Zergling x6  
  47  3:43  Zergling x2  
  47  3:44  Zergling x4  
  49  3:57  Zerg Melee Weapons Level 1  
  49  3:58  Drone x4  
  49  4:00  Drone  
  54  4:03  Drone x2  
  54  4:05  Drone  
  57  4:11  Overlord, Drone  
  58  4:17  Extractor  
  58  4:18  Extractor  
  58  4:20  Drone x2  
  58  4:25  Lair, Overlord  
  58  4:30  Drone x3  
  61  4:31  Drone  
  61  4:36  Drone x2  
  61  4:37  Drone  
  65  4:42  Extractor  
  65  4:43  Drone x2  
  66  4:48  Zergling x8  
  66  4:52  Drone  
  71  4:53  Roach Warren  
  71  4:58  Drone x3  
  74  5:00  Zergling x2  
  74  5:01  Overlord  
  74  5:04  Overlord  
  74  5:13  Overlord  
  74  5:19  Zergling x2  
  74  5:21  Zergling x12  
  78  5:24  Zergling x10  
  87  5:29  Spire  
  87  5:31  Zergling x2  
  87  5:36  Zergling x4  
  87  5:40  Baneling  
  87  5:41  Baneling x5, Zergling x2  
  90  5:45  Zergling x2  
  90  5:46  Zergling x8  
  90  5:49  Zergling x4  
  98  5:50  Zergling x2  
  98  5:54  Overlord  
  98  6:00  Overlord  
  98  6:07  Zergling x4  
  90  6:13  Zergling x10  
  85  6:20  Zergling x6  
  85  6:21  Zergling x4  
  76  6:41  Mutalisk x7  
  76  6:44  Mutalisk  
  85  6:48  Zergling x8  
  85  6:51  Mutalisk  
  88  6:55  Zergling x2  
  88  6:59  Mutalisk  
  88  7:01  Drone x6  
  94  7:04  Mutalisk  
  94  7:05  Extractor x2  
  94  7:07  Zergling x2  
  95  7:13  Mutalisk  
  95  7:15  Zergling x8  
  101  7:20  Spine Crawler  
  100  7:23  Mutalisk  
  100  7:29  Zergling x6  
  105  7:33  Evolution Chamber  
  105  7:34  Zergling x14, Spine Crawler x2  
  109  7:45  Drone x3  
  109  7:49  Mutalisk  
  114  7:52  Overlord  
  115  7:59  Overlord  
  115  8:03  Overlord  
  114  8:10  Overlord  
Show
View Real Time Build Order
Export as new Build Order

AGOElazer Zerg 

Build Orders: Hatch First 

Get SALT Encoding   

  12  0:00  Drone  
  13  0:12  Overlord  
  13  0:17  Drone  
  14  0:30  Drone x2  
  16  0:47  Hatchery  
  15  0:50  Drone  
  15  0:54  Drone  
  17  0:57  Drone  
  18  1:08  Extractor  
  17  1:12  Spawning Pool  
  17  1:15  Drone  
  17  1:19  Drone  
  18  1:27  Drone  
  19  1:38  Drone  
  20  1:49  Drone  
  21  1:59  Queen  
  21  2:00  Queen, Drone  
  21  2:01  Overlord  
  26  2:08  Metabolic Boost  
  26  2:10  Drone  
  26  2:11  Drone  
  28  2:21  Drone x2  
  30  2:32  Hatchery  
  30  2:34  Zergling x2  
  30  2:36  Zergling x2  
  31  2:43  Zergling x2  
  31  2:44  Overlord  
  32  2:55  Drone x2  
  34  3:04  Drone x2  
  36  3:08  Zergling x2  
  36  3:09  Zergling x10  
  42  3:14  Queen  
  42  3:18  Overlord  
  44  3:27  Roach Warren  
  44  3:31  Drone  
  44  3:40  Drone x6  
  50  3:45  Drone  
  50  3:46  Zergling x8  
  53  3:56  Drone  
  53  3:57  Drone  
  53  4:01  Extractor, Evolution Chamber  
  53  4:07  Roach x2  
  57  4:11  Overlord  
  57  4:19  Extractor  
  57  4:20  Roach  
  58  4:27  Overlord  
  58  4:29  Drone  
  58  4:30  Roach x3  
  65  4:39  Drone, Zerg Missile Weapons Level 1  
  65  4:43  Overlord  
  66  4:47  Drone x6  
  73  4:52  Drone  
  73  4:56  Drone  
  73  4:57  Lair  
  73  4:58  Overlord  
  74  5:02  Drone  
  74  5:05  Drone  
  75  5:09  Drone  
  75  5:10  Roach  
  75  5:12  Drone  
  75  5:13  Drone x2  
  79  5:14  Drone  
  79  5:17  Extractor, Drone x3  
  79  5:18  Extractor  
  79  5:19  Overlord  
  79  5:20  Drone  
  81  5:23  Drone x4  
  81  5:27  Ravager  
  86  5:30  Overlord  
  86  5:32  Overlord  
  85  5:36  Overlord  
  85  5:41  Roach  
  87  5:45  Roach x5  
  87  5:48  Overlord  
  97  5:54  Glial Reconstitution  
  97  5:56  Roach x6  
  109  5:59  Roach  
  109  6:01  Evolution Chamber  
  109  6:08  Roach x2  
  109  6:11  Roach x4  
  112  6:14  Roach x2  
  99  6:23  Roach x4  
  92  6:34  Roach x4  
  96  6:41  Roach x3  
  98  6:53  Roach x4  
  98  7:02  Nydus Network  
  98  7:04  Roach x2  
  101  7:10  Roach  
  103  7:15  Queen x2  
  103  7:16  Queen  
  111  7:30  Roach x5  
  118  7:43  Nydus Canal  
  110  7:46  Overlord x2  
  108  7:51  Queen  
  108  7:52  Queen x2  
  108  7:55  Roach x2  
Tags
 
Add a new tag
Caveats
  • Supply blocks, unpowered buildings, or Contaminate may cause inaccurate times.
  • Supply counts are checked every 10 seconds.